Unix NetHack Version 5.0.0-0 post-release - last build Jun 10 2026 00:39:30 (3ee93aec679c4c4259841fe613dc97188e26a321,branch:main).

Game began 2026-07-11 05:00:15, ended 2026-07-11 05:50:35.

BATTLEMODE, chaotic female elven Wizard

                      ##*       ---
                  # ####*   *  ...--.-----               ---
   --          ----...#*`---.-...........--              |.---     -----
   |.-- ---  ---.........|................|              |...------.....
   |..---.----....|.......................|              |..........-
   |.............--......-..-- --      ...|              |..---------
   ---...................|..|          -  |      --+---|--..|
    --...............-----..|             --+--- -.........--
    |.......................|             ......     -----.--
    --......................|----        .....-          |..|
     |...............----...|/((| ------..{...           |..|
     ---...........--|  +...|(.(|  ........              |..---
       ---.........|.|  |...|(..|-+-.....---|-------------....---
        --...........----.).--|-|.....-+-|.....@...h@)).........|
       --...--.--......|..............|..|----....--------......|
    ----...------..-......#.).........|..|%%.-....|......|......----
    |......-   |..<..........{...........|%%.|....-...._.|.........--
    |.......|  |.......-...|....#........-----....|......|..........--
    ------.--  --......`...[..[...................|---------..--.....|
         ---    ----.--..........--..----.---------        |.----.|.--
                   ---     ###....#..-  ---                ---  -----
BATTLEMODE the Thaumaturge  St:11 Dx:9 Co:14 In:20 Wi:14 Ch:9  Chaotic
Dlvl:6  $:0  HP:0(40) Pw:39(86) AC:9  Xp:6 T:2556  Stressed

Latest messages:
 You hear someone cursing shoplifters.
 The kitten misses the gnome.
 It misses the gnome.
 You see a door open.
 You swap places with the peaceful goblin.
 You swap places with the peaceful goblin.
 You hear some noises in the distance.
 You see a door open.
 An iron piercer suddenly drops from the ceiling!
 You are hit by a falling iron piercer!
 Pick a monster, object or location.
 You hear the splashing of a naiad.
 You miss the iron piercer.
 In what direction? 4
 The spell misses the iron piercer.
 In what direction? 4
 The spell hits the iron piercer!
 In what direction? 4
 The spell hits the iron piercer!
 You kill the iron piercer!
 You see here an iron piercer corpse.
 You hear water falling on coins.
 You have trouble lifting an iron piercer corpse.  Continue? [ynq] (q) y
 You have trouble lifting V - an iron piercer corpse.
 You rebalance your load.  Movement is difficult.
 You hear crashing rock.
 An iron piercer suddenly drops from the ceiling!
 You are almost hit by a falling iron piercer!
 You hear crashing rock.
 You hear crashing rock.
 You hear crashing rock.
 The goblin throws a dagger!
 You are hit by a dagger.
 Suddenly, a section of the wall closes up!
 The goblin throws a crude dagger!
 A crude dagger misses you.
 You miss the goblin.
 The goblin hits!
 You kill the goblin!
 The dwarf lady picks up 14 darts.
 The dwarf lady swings her pick-axe.
 The dwarf lady hits!
 The dwarf lady swings her pick-axe.
 The dwarf lady hits again!
 You die...
 Do you want your possessions identified? [ynq] (y) y
 Do you want to see your attributes? [ynq] (y) y
 Do you want an account of creatures vanquished? [ynaq] (y) y
 Do you want to see your conduct and achievements? [ynq] (y) y
 Do you want to see the dungeon overview? [ynq] (y) y

Inventory:
 Weapons  (')')
  N - 11 poisoned +0 orcish arrows
  a - a blessed +1 quarterstaff (weapon in hands)
 Armor    ('[')
  b - an uncursed +0 cloak of magic resistance (being worn)
 Comestibles  ('%')
  A - an uncursed food ration
  C - an uncursed tripe ration
  V - an uncursed iron piercer corpse
 Scrolls  ('?')
  j - an uncursed scroll of gold detection
  h - an uncursed scroll of identify
  q - an uncursed scroll of remove curse
  R - an uncursed scroll of teleportation
 Spellbooks  ('+')
  k - a blessed spellbook of force bolt
  l - an uncursed spellbook of light
 Potions  ('!')
  Q - an uncursed potion of confusion (at the ready)
  g - 2 uncursed potions of healing
  f - an uncursed potion of levitation
  B - an uncursed potion of oil
  T - a cursed potion of sickness
 Rings    ('=')
  e - an uncursed ring of fire resistance (on right hand)
  I - an uncursed ring of invisibility
  d - an uncursed ring of shock resistance
 Wands    ('/')
  O - a wand of create monster (0:12)
  c - a wand of probing (0:4)
 Tools    ('(')
  z - an uncursed sack containing 6 items
  M - a drum of earthquake (0:8)
  n - an uncursed wooden flute
  L - an uncursed brass lantern
  U - an uncursed magic lamp (lit)
  m - a magic marker (0:17)
  D - a +0 pick-axe
  w - an uncursed stethoscope
  E - an uncursed tallow candle
 Gems/Stones  ('*')
  P - an uncursed worthless piece of blue glass
  J - an uncursed worthless piece of red glass
  K - 2 uncursed worthless pieces of yellowish brown glass

Contents of the sack:
  an uncursed slime mold
  2 uncursed food rations
  an uncursed melon
  an uncursed scroll of destroy armor
  a can of grease (0:17)
  an uncursed citrine stone

BATTLEMODE the Wizard's attributes:

Background:
 You were a Thaumaturge, a level 6 female elven Wizard.
 You were chaotic, on a mission for Anhur
 who was opposed by Ptah (lawful) and Thoth (neutral).
 You were right-handed.
 You were in the Gnomish Mines, on level 6.
 You entered the dungeon 2556 turns ago.
 It was nighttime.
 You had 442 experience points, 198 more were needed to attain level 7.

Basics:
 You had 0 out of 40 hit points.
 You had 39 out of 86 energy points (spell power).
 Your armor class was 9.
 Your wallet was empty.
 Autopickup was off.

Final Characteristics:
 Your strength was 11 (limit:18).
 Your dexterity was 9 (peak:10, limit:18).
 Your constitution was 14 (limit:16).
 Your intelligence was 20 (limit:20).
 Your wisdom was 14 (limit:20).
 Your charisma was 9 (limit:18).

Final Status:
 You weren't hungry.
 You were stressed; movement was moderately slowed.
 You were wielding a quarterstaff.
 You had basic skill with quarterstaff.

Final Attributes:
 You were piously aligned.
 You were magic-protected.
 You were fire resistant.
 Your items were protected from fire.
 You were sleep resistant.
 You had infravision.
 You aggravated monsters.
 You were warded.
 You are dead.

Miscellaneous:
 You didn't encounter any bones levels.
 Total elapsed playing time was 50 minutes and 18 seconds.

Major events:
 Turn
    1: BATTLEMODE the chaotic female elven Wizard entered the dungeon
 1131: attained the rank of Conjurer (level 3)
 1465: entered the Gnomish Mines
 2048: reached Mine Town
 2087: attained the rank of Thaumaturge (level 6)
 2556: killed by a dwarf lady

Spells:
 Name                 Level Category     Fail Retention
 force bolt             1   attack         0%   81%-90%
 light                  1   divination     0%  76%-100%

Skills:
 Fighting Skills
   bare handed combat [Unskilled]
   riding             [Unskilled]
 Weapon Skills
   dagger             [Unskilled]
   knife              [Unskilled]
   axe                [Unskilled]
   short sword        [Unskilled]
   club               [Unskilled]
   mace               [Unskilled]
   quarterstaff       [Basic]
   polearms           [Unskilled]
   spear              [Unskilled]
   trident            [Unskilled]
   sling              [Unskilled]
   dart               [Unskilled]
   shuriken           [Unskilled]
 Spellcasting Skills
   attack spells      [Basic]
   healing spells     [Unskilled]
   divination spells  [Unskilled]
   enchantment spells [Basic]
   clerical spells    [Unskilled]
   escape spells      [Unskilled]
   matter spells      [Unskilled]

Voluntary challenges:
 Character rerolling was not enabled.
 You never genocided any monsters.
 You never polymorphed an object.
 You never changed form.
 You used no wishes.
Achievements:
 You entered a shop.
 You attained the rank of Conjurer.
 You entered the Gnomish Mines.
 You entered Minetown.
 You attained the rank of Thaumaturge.
 You entered a temple.

 The Dungeons of Doom: levels 1 to 3
    Level 1:
       Some fountains, a sink.
    Level 2:
       A general store.
    Level 3:
       Stairs down to The Gnomish Mines.
 The Gnomish Mines: levels 4 to 6
    Level 4:
    Level 5:
    Level 6: <- You were here.
       Some shops, a temple and an altar to Anhur, some fountains, some trees.
       Final resting place for
          you, killed by a dwarf lady.


Vanquished creatures:
 an iron piercer
  a snake
  a human zombie
  a rock mole
  5 gnome leaders
  a giant ant
  7 dwarves
  3 iguanas
  2 acid blobs
  2 coyotes
  a giant rat
 22 gnomes
  a gnome zombie
  6 jackals
  a fox
  2 kobolds
  4 goblins
  2 grid bugs
  3 lichens
  7 newts
73 creatures vanquished.

No species were genocided or became extinct.

Game over:
                       ----------
                      /          \
                     /    REST    \
                    /      IN      \
                   /     PEACE      \
                  /                  \
                  |    BATTLEMODE    |
                  |       0 Au       |
                  |   killed by a    |
                  |    dwarf lady    |
                  |                  |
                  |                  |
                  |       2026       |
                 *|     *  *  *      | *
        _________)/\\_//(\/(/\)/\//\/|_)_______

Goodbye BATTLEMODE the Wizard...

You died in The Gnomish Mines on dungeon level 6 with 2018 points,
and 0 pieces of gold, after 2556 moves.
You were level 6 with a maximum of 40 hit points when you died.

